 Dungeon Crawl Stone Soup version 0.31-a0-705-ga145531891 (webtiles) character file.

Game seed: 1574148141945488574

1342 randomguy2701 the Cleaver (level 8, -6/71 HPs)
             Began as a Hill Orc Fighter on Sept 9, 2023.
             Was a Follower of Beogh.
             Mangled by an orc warrior
             ... wielding a +0 broad axe
              (13 damage)
             ... on level 5 of the Dungeon.
             The game lasted 00:05:20 (4976 turns).

randomguy2701 the Cleaver (Hill Orc Fighter)        Turns: 4976, Time: 00:05:23

Health: -6/71      AC: 14    Str: 19    XL:     8   Next: 62%
Magic:  8/8        EV:  6    Int:  8    God:    Beogh [*.....]
Gold:   248        SH:  5    Dex: 12    Spells: 7/7 levels left

rFire   . . .        b - +3 hand axe
rCold   . . .        c - +0 buckler
rNeg    + . .        w - +0 plate armour
rPois   .            (no helmet)
rElec   .            (no cloak)
rCorr   .            p - +0 pair of gloves
SInv    .            (no boots)
Will    .....        h - amulet of magic regeneration Stlth
                     A - ring of positive energy
HPRegen 0.31/turn    (no ring)
MPRegen 0.51/turn

%: no passive effects
@: mighty
A: no striking features
a: Renounce Religion


You were on level 5 of the Dungeon.
You worshipped Beogh.
Beogh was aware of your devotion.
You visited 1 branch of the dungeon, and saw 6 of its levels.

You collected 248 gold pieces.

Inventory:

Hand Weapons
 b - a +3 hand axe (weapon)
Armour
 c - a +0 buckler (worn)
 p - a +0 pair of gloves (worn)
 w - a +0 plate armour (worn)
Jewellery
 h - an amulet of magic regeneration (around neck)
 A - a ring of positive energy (left hand)
Wands
 k - a wand of iceblast (9)
 q - a wand of polymorph (3)
 r - a wand of flame (29)
Scrolls
 a - 2 scrolls of amnesia {unknown}
 e - 3 scrolls of noise {unknown}
 f - 3 scrolls of silence {unknown}
 i - 5 scrolls of identify {unknown}
 j - a scroll of butterflies {unknown}
 l - 4 scrolls of enchant armour {unknown}
 m - a scroll of immolation {unknown}
 n - a scroll of torment {unknown}
 t - a scroll of fog {unknown}
 v - 2 scrolls of teleportation {unknown}
 y - a scroll of enchant weapon {unknown}
Potions
 d - 2 potions of might
 g - a potion of enlightenment {unknown}
 o - a potion of attraction {unknown}
 s - a potion of magic {unknown}
 u - a potion of degeneration {unknown}
 x - 2 potions of curing {unknown}
 z - a potion of haste {unknown}
 B - a potion of cancellation {unknown}


   Skills:
 + Level 6.5 Fighting
 + Level 9.1 Axes
 + Level 6.4 Armour
 + Level 1.0 Dodging
 + Level 0.6 Stealth
 + Level 4.7 Shields


You had 7 spell levels left.
You didn't know any spells.
Your spell library contained the following spells:

 Spells                   Type           Power      Damage    Failure   Level
 Poisonous Vapours        Pois/Air       0%         N/A       100%        2
 Static Discharge         Conj/Air       0%         2-2/arc   100%        2
 Mephitic Cloud           Conj/Pois/Air  0%         N/A       100%        3
 Summon Guardian Golem    Hex/Summ       0%         N/A       100%        3
 Airstrike                Air            0%         2d(0-16)  100%        4
 Summon Lightning Spire   Summ/Air       0%         N/A       100%        4
 Freezing Cloud           Conj/Ice/Air   0%         6-21      100%        5
 Orb of Destruction       Conj           0%         9d5       100%        7
 Spellforged Servitor     Conj/Summ      0%         N/A       100%        7


Dungeon Overview and Level Annotations

Branches:
Dungeon (6/15)             Temple (0/1) D:5

Altars:

Shops:
D:2 :

Annotations:
D:6 2 transporters, twolf1369's ghost, novice FoHu


Message History

Beogh smites you! The ogre attacks as it pursues you!
The ogre hits you with a +0 giant spiked club!
You feel very mighty all of a sudden.
The orc warrior hits you with a +0 broad axe.
You slash the ogre!
The ogre is moderately wounded.
You slash the orc!
You kill the orc!
Beogh accepts your kill.
You closely miss the orc warrior.
The ogre hits you with a +0 giant spiked club!
* * * LOW HITPOINT WARNING * * *
The orc warrior hits you but does no damage.
The orc warrior attacks as it pursues you!
The orc warrior barely misses you.
You completely miss the orc warrior.
The orc warrior is lightly wounded.
You barely miss the orc warrior.
The orc warrior is lightly wounded.
You slash the orc priest!
The orc priest is severely wounded.
You closely miss the orc warrior. The orc warrior barely misses you.
The orc priest calls upon Beogh to heal the orc warrior.
The orc warrior's wounds heal themselves!
You slash the orc priest!
You kill the orc priest!
Beogh accepts your kill.
Beogh appreciates your killing of a heretic priest.
You hit the orc warrior. The orc warrior barely misses you.
You slash the ogre!
The ogre is almost dead.
You closely miss the orc warrior. You block the orc warrior's attack.
The ogre barely misses you.
You slash the ogre!
You kill the ogre!
Beogh accepts your kill.
You hit the orc warrior.
The orc warrior hits you with a +0 broad axe!
You die...
Beogh appreciates the orc warrior's killing of a heretic priest.

###.###.###..#.###..#.# #.# # #
#.....#.#....###..#.###.## ###
#####.....#.........#......# #..
.)..#.#................##..# #.#
....)...........[>.........# #.#
##..#)#.#.#.....#)#.##.#...# #.#
#..#.#...........).##.###.####.#
##..#.#.........#)####..........#
....#.#.......<.@o..........#####
##.##.#..####.#...########.......
#.##.#..# #.#..###.#####)#..#..
##....#..####.#..# #......))..#..
......#.......#..# #.#.....#..#..
##...............###.#........#..
........####.....#........#...#..
#.##.#####.#.#...#.#.#..#.#...#..
.........#.#....##.#.#....#...###


You could see an orc warrior.

Vanquished Creatures
  Grinder (D:6)
  A water moccasin (D:6)
  2 ogres (D:5)
  2 scorpions (D:5)
  4 wights
  A howler monkey (D:6)
  3 orc priests (D:5)
  2 jellies
  2 sleepcaps
  3 orc wizards
  2 iguanas (D:5)
  3 gnolls (D:5)
  13 adders
  2 ufetubi
  2 worms (D:2)
  3 dart slugs
  23 orcs
  3 endoplasms
  4 giant cockroaches
  7 goblins
  6 hobgoblins
  3 quokkas
  3 ball pythons
  5 bats
  4 frilled lizards
  2 kobolds
  3 rats
109 creatures vanquished.

Vanquished Creatures (others)
  A hound (D:5)
  An iguana (D:5)
  A gnoll (D:5)
  An ufetubus (D:5)
  2 orcs (D:5)
6 creatures vanquished.

Grand Total: 115 creatures vanquished

Notes
Turn   | Place    | Note
-------+----------+-------------------------------------------
     0 | D:1      | randomguy2701 the Hill Orc Fighter began the quest for the
                  | Orb.
     0 | D:1      | Reached XP level 1. HP: 19/19 MP: 1/1
     2 | D:1      | You fall into a shaft and drop 1 floor!
    43 | D:2      | Reached XP level 2. HP: 27/27 MP: 2/2
   157 | D:2      | Reached skill level 3 in Axes
   173 | D:2      | Reached XP level 3. HP: 33/33 MP: 3/3
   244 | D:2      | Found a faded altar of an unknown god.
   601 | D:2      | Found Mifoav's Book Shoppe.
  1274 | D:1      | Reached XP level 4. HP: 39/40 MP: 4/4
  2178 | D:4      | Reached skill level 4 in Axes
  2178 | D:4      | Reached XP level 5. HP: 45/47 MP: 5/5
  2684 | D:4      | Reached skill level 5 in Axes
  2686 | D:4      | Reached XP level 6. HP: 45/53 MP: 6/6
  3196 | D:5      | Entered Level 5 of the Dungeon
  3264 | D:5      | Reached skill level 6 in Axes
  3265 | D:5      | Reached skill level 5 in Armour
  3390 | D:5      | Reached XP level 7. HP: 53/60 MP: 7/7
  3671 | D:5      | Became a worshipper of Beogh the Brigand
  3792 | D:5      | Found a staircase to the Ecumenical Temple.
  3811 | D:5      | Reached skill level 5 in Fighting
  3814 | D:5      | Reached skill level 7 in Axes
  4319 | D:6      | Reached skill level 8 in Axes
  4319 | D:6      | Reached XP level 8. HP: 54/69 MP: 8/8
  4815 | D:6      | Found a transporter.
  4815 | D:6      | Noticed twolf1369's ghost (novice FoHu)
  4833 | D:6      | Identified the +4 giant spiked club of Guommify {speed,
                  | rElec rC- rN+ Dex+5}
  4833 | D:6      | Identified the +7 dire flail of Premature Burial {heavy,
                  | Str+6 Dex+2}
  4833 | D:6      | Noticed a two-headed ogre
  4834 | D:6      | Found a transporter.
  4862 | D:6      | Noticed Grinder
  4883 | D:6      | Killed Grinder
  4884 | D:6      | Reached skill level 1 in Dodging
  4941 | D:6      | Reached skill level 9 in Axes
  4956 | D:5      | Reached * piety under Beogh
  4976 | D:5      | Mangled by an orc warrior

Illustrated notes

Levels and vault maps discovered:
D:1:      lightli_arrival_maybe_door_vault, layout_basic
D:2:      layout_loops_ring, dilly_ecumenical_altar_fadedgnrine, serial_shops,
          nicolae_shop_behind_doors, grunt_ministairs_9, skrybe_limestone_x
D:3:      layout_rooms
D:4:      minmay_recursive_quarters, layout_loops_ring, columned_hall_lemuel
D:5:      cheibrodos_helix_gallery, layout_basic, minmay_temple_entry_water_ring
D:6:      layout_rooms, mainiacjoe_overflow_tiny_flanked, gammafunk_ghost_smash,
          grunt_ministairs_13, uniq_grinder

Skill      XL: |  1  2  3  4  5  6  7  8 |
---------------+-------------------------+-----
Axes           | 3 4 5 6 8 9 |  9.1
Fighting       | 4 5 6 |  6.5
Armour         | 4 5 6 |  6.4
Shields        | 4 |  4.7
Dodging        | 1 |  1.0
Stealth        | |  0.6

Action                     |  1- 3 |  4- 6 |  7- 9 || total
---------------------------+-------+-------+-------++-------
  Melee: War axe           |   107 |   175 |       ||   282
         Hand axe          |       |    25 |   127 ||   152
 Invoke: Convert to Beogh  |       |       |     1 ||     1
    Use: Potion            |       |       |     1 ||     1
 Armour: Scale mail        |    76 |    48 |       ||   124
         Plate armour      |       |   117 |   108 ||   225
  Dodge: Dodged            |    56 |    64 |    36 ||   156
  Block: Buckler           |    26 |    45 |    26 ||    97

Table legend: (Time is in decaauts)
 A = Elapsed time spent in this place.
 B = Non-inter-level travel time spent in this place.
 C = Inter-level travel time spent in this place.
 D = Time resting spent in this place.
 E = Time spent auto-exploring this place.
 F = Levels seen in this place.
 G = Mean time per level.
                   A        B        C        D        E       F      G
               +--------+--------+--------+--------+--------+-----+--------+
         Total |   5070 |   4909 |    161 |      0 |   4006 |   6 |  845.0 |
       Dungeon |   5070 |   4909 |    161 |      0 |   4006 |   6 |  845.0 |
               +--------+--------+--------+--------+--------+-----+--------+

Top non-repeatable levels by time:
     D:5: 1491 daAuts
     D:4: 1099 daAuts
     D:2: 821 daAuts
     D:1: 710 daAuts
     D:3: 657 daAuts
     D:6: 291 daAuts
